 Dungeon Crawl Stone Soup version 0.26-a0-188-ga22346179c (webtiles) character file.

Game seed: 12363097043106464690

7 Coward the Grave Robber (level 1, -3/13 HPs)
             Began as a Demonspawn Necromancer on July 4, 2020.
             Slain by a leopard gecko (4 damage)
             ... on level 1 of the Dungeon.
             The game lasted 00:06:37 (660 turns).

Coward the Grave Robber (Demonspawn Necromancer)     Turns: 660, Time: 00:06:37

Health: -3/13      AC:  2    Str:  8    XL:     1   Next: 83%
Magic:  3/3        EV: 12    Int: 16    God:
Gold:   6          SH:  0    Dex: 13    Spells: 3/4 levels left

rFire    . . .     SeeInvis .   (no weapon)
rCold    . . .     Faith    .   (no shield)
rNeg     . . .     Spirit   .   a - +0 robe
rPois    .         Reflect  .   (no helmet)
rElec    .         Harm     .   (no cloak)
rCorr    .                      (no gloves)
MR       .....                  (no boots)
Stlth    ++........             (no amulet)
HPRegen  0.04/turn              (no ring)
MPRegen  0.08/turn              (no ring)

@: no status effects
A: no striking features
a: no special abilities


You were on level 1 of the Dungeon.
You were not hungry.

You visited 1 branch of the dungeon, and saw 1 of its levels.

You collected 6 gold pieces.

Inventory:

Hand Weapons
 d - a +0 club
Missiles
 e - 19 stones (quivered)
Armour
 a - a +0 robe (worn)
Scrolls
 b - a scroll of teleportation {unknown}
 g - a scroll of enchant armour {unknown}
Comestibles
 c - a ration


   Skills:
 - Level 1.7 Dodging
 - Level 1.9 Stealth
 - Level 2.0 Spellcasting
 * Level 4.7 Necromancy


You had 3 spell levels left.
You knew the following spells:

 Your Spells              Type           Power        Failure   Level  Hunger
a - Pain                  Necr           ###.         3%          1    #......

Your spell library contained the following spells:

 Spells                   Type           Power        Failure   Level  Hunger
 Animate Skeleton         Necr           N/A          3%          1    #......
 Vampiric Draining        Necr           ###.......   9%          3    ###....
 Animate Dead             Necr           N/A          30%         4    #####..
 Agony                    Necr           ###.....     63%         5    ######.


Dungeon Overview and Level Annotations

Branches:
Dungeon (1/15)

Altars:


Message History

You barely miss the leopard gecko.
The leopard gecko is severely wounded.
The leopard gecko misses you. The giant cockroach bites you.
The leopard gecko misses you.
You barely miss the leopard gecko.
The leopard gecko is severely wounded.
The giant cockroach misses you. The leopard gecko closely misses you.
You miss the leopard gecko.
The leopard gecko is severely wounded.
The giant cockroach bites you. The leopard gecko closely misses you.
The giant cockroach bites you.
* * * LOW HITPOINT WARNING * * *
You barely miss the leopard gecko.
The leopard gecko is severely wounded.
The leopard gecko misses you. The giant cockroach bites you.
* * * LOW HITPOINT WARNING * * *
You miss the leopard gecko.
The leopard gecko is severely wounded.
The leopard gecko bites you.
You die...

###.# #.#....... . ..#.#
#.#.##...# .. #.#.#
#.#.##.... .#.
#.#.####.#.##...#
....####.#......#..#...#
.#.#.............#......
.>...#........#..#.#...#
.#.#....s.....#.#.......
......l@....#...#.......
.#.#........#..#........
..........#....#........
.#.#..........#.........
....>...##....#...+.....
.#.#(.............#.....
......##...##.#.........
.#.#.. ..## ....###. ..


You could see a leopard gecko and a giant cockroach.

Vanquished Creatures
  2 giant cockroaches (D:1)
  A goblin (D:1)
  A hobgoblin (D:1)
  A frilled lizard (D:1)
  A rat (D:1)
6 creatures vanquished.

Notes
Turn   | Place    | Note
-------+----------+-------------------------------------------
     0 | D:1      | Coward the Demonspawn Necromancer began the quest for the
                  | Orb.
     0 | D:1      | Reached XP level 1. HP: 13/13 MP: 3/3
   660 | D:1      | Slain by a leopard gecko

Illustrated notes

Levels and vault maps discovered:
D:1:      dpeg_arrival_arbitrary_a, layout_basic, fountainhead,
          hangedman_decor_peaks_small, serial_bayou_pond_d, chequers_big_river,
          wad_floor_pattern_untrapped, st_stairs_13, grunt_decor_cap,
          minmay_tetromino_o2

Action                   || total
-------------------------++-------
Melee: Unarmed           ||    75
Armor: Robe              ||    22
Dodge: Dodged            ||    64

Table legend:
 A = Non-vault XP
 B = Vault XP
 C = Vault XP percentage of total XP
 D = Non-vault monster count
 E = Vault monster count
 F = Vault count percentage of total count
                 A         B        C        D         E       F
            +---------+---------+-------+---------+---------+-------
      Total |      10 |       0 |   0.0 |       6 |       0 |   0.0
            +---------+---------+-------+---------+---------+-------
        D:1 |      10 |       0 |   0.0 |       6 |       0 |   0.0
            +---------+---------+-------+---------+---------+-------
